 Dungeon Crawl Stone Soup version 0.20.1-1-g8b1a95d (webtiles) character file.

41 Monsterracer the Magician (level 3, -5/24 HPs)
             Began as a Mummy Wizard on Sept 6, 2017.
             Slain by a goblin
             ... wielding a +0 dagger
             ... led by Robin
              (9 damage)
             ... on level 2 of the Dungeon.
             The game lasted 00:04:01 (1528 turns).

Monsterracer the Magician (Mummy Wizard)            Turns: 1528, Time: 00:04:02

Health: -5/24      AC:  2    Str: 10    XL:     3   Next: 32%
Magic:  0/8        EV: 12    Int: 18    God:
Gold:   73         SH:  4    Dex: 10    Spells: 2/10 levels left

rFire    x . .     SeeInvis .   h - +0 dagger
rCold    + . .     Gourm    .   (no shield)
rNeg     + + +     Faith    .   a - +0 robe
rPois    ∞         Spirit   .   b - +0 hat
rElec    .         Reflect  +   (no cloak)
rCorr    .         Harm     .   (no gloves)
MR       .....                  (no boots)
Stlth    ++........             f - +4 amulet of reflection
Regen    0.1/turn               (no ring)
MPRegen  0.2/turn               (no ring)

@: very slightly contaminated
A: no food or potions, fire vulnerability, cold resistance 1, negative energy
resistance 3, torment resistance, unbreathing
a: no special abilities


You were on level 2 of the Dungeon.
You were not hungry.

You visited 1 branch of the dungeon, and saw 2 of its levels.

You collected 73 gold pieces.

Inventory:

Hand Weapons
 g - a cursed -1 short sword
 h - a +0 dagger (weapon)
Armour
 a - a +0 robe (worn)
 b - a +0 hat (worn)
Jewellery
 f - a +4 amulet of reflection (around neck)
Scrolls
 d - 2 scrolls of identify
 e - a scroll of remove curse
Books
 c - a book of Minor Magic

   Spells                             Type                      Level
   a - Magic Dart                     Conjuration                  1
   b - Blink                          Translocation                2
   c - Call Imp                       Summoning                    2
   d - Slow                           Hexes                        2
   e - Conjure Flame                  Conjuration/Fire             3
   f - Mephitic Cloud                 Conjuration/Poison/Air       3


   Skills:
 - Level 1.5 Dodging
 - Level 1.5 Stealth
 - Level 4.0 Spellcasting
 + Level 2.7 Conjurations
 - Level 0.7 Summonings
 - Level 0.7 Translocations


You had 2 spell levels left.
You knew the following spells:

 Your Spells              Type           Power        Failure   Level  Hunger
a - Magic Dart            Conj           ##..         4%          1    N/A
b - Conjure Flame         Conj/Fire      #.......     26%         3    N/A
d - Call Imp              Summ           #.......     17%         2    N/A
e - Blink                 Tloc           N/A          17%         2    N/A

Dungeon Overview and Level Annotations

Branches:
Dungeon (2/15)

Altars:

Annotations:
D:2 Robin


Innate Abilities, Weirdness & Mutations

You do not eat or drink.
Your flesh is vulnerable to fire.
You are immune to poison.
Your flesh is cold resistant. (rC+)
You are immune to negative energy. (rN+++)
You are immune to unholy pain and torment.
You can survive without breathing.


Message History

The goblin hits you but does no damage. The goblin barely misses you.
Huge Dmg: -8%(-2hp) hp: 30%(7hp) Unknown command.
Okay, then.
You barely miss the goblin.
The goblin is heavily wounded.
The goblin hits you with a dagger.
* * * LOW HITPOINT WARNING * * *
The goblin barely misses you.
Huge Dmg: -13%(-3hp) hp: 17%(4hp)
Casting: Magic Dart
Confirm with . or Enter, or press ? or * to list all spells.
Aiming: Magic Dart
Press: ? - help, Shift-Dir - straight line, f - goblin
Aim: a goblin (heavily wounded, unusually strong)
The magic dart hits the goblin.
The goblin is severely wounded.
* * * LOW MAGIC WARNING * * *
The goblin hits you with a dagger!
You die...

#.#.#
#.################
#.#.. ..##.......
#.### ####......
#.# #..... #.#####
#..g. #.....#


.gg #####.# #g# #.#####g# #)#...g@# #.#.##### #.#.## #.#..# #.#..# #.##.# #....#
###### You could see Robin, 2 hobgoblins and 3 goblins.

Vanquished Creatures
  2 leopard geckos (D:1)
  5 bats
  9 goblins
  2 hobgoblins (D:1)
  2 jackals (D:1)
  2 kobolds (D:1)
  2 frilled lizards (D:1)
  5 rats
29 creatures vanquished.

Vanquished Creatures (collateral kills)
  An adder (D:2)
1 creature vanquished.

Grand Total: 30 creatures vanquished

Notes
Turn   | Place    | Note
-------+----------+-------------------------------------------
     0 | D:1      | Monsterracer the Mummy Wizard began the quest for the Orb.
     0 | D:1      | Reached XP level 1. HP: 13/13 MP: 5/5
    20 | D:1      | Reached skill level 1 in Conjurations
   411 | D:1      | Reached XP level 2. HP: 19/19 MP: 2/7
   463 | D:1      | Learned a level 2 spell: Call Imp
   466 | D:1      | Learned a level 2 spell: Blink
  1247 | D:2      | Reached XP level 3. HP: 18/24 MP: 3/8
  1413 | D:2      | Noticed Robin
  1492 | D:2      | Learned a level 3 spell: Conjure Flame
  1521 | D:2      | HP: 11/24 [goblin[Robin] (4)]
  1527 | D:2      | HP: 4/24 [goblin/dagger[Robin] (4)]
  1528 | D:2      | Slain by a goblin

Skill      XL: |  1  2 |
---------------+-------+-----
Conjurations   | 1 2 |  2.7
Dodging        | |  1.5
Stealth        | |  1.5
Spellcasting   | |  4.0
Summonings     | |  0.7
Translocations | |  0.7

Action                   || total
-------------------------++-------
Melee: Club              ||     4
       Unarmed           ||     1
       Dagger            ||    14
 Cast: Magic Dart        ||    69
       Call Imp          ||     1
       Conjure Flame     ||     1
  Use: Scroll            ||     3
Armor: Robe              ||     9
Dodge: Dodged            ||    33
Block: Other             ||    10
